 Dungeon Crawl Stone Soup version 0.29-a0-824-gd827844252 (webtiles) character file.

Game seed: 15021100190049815203

80 buhh the Insei (level 4, 0/29 HPs)
             Began as an Octopode Transmuter on July 9, 2022.
             Slain by a gnoll
             ... wielding a +0 spear
              (7 damage)
             ... on level 4 of the Dungeon.
             The game lasted 00:01:33 (2384 turns).

buhh the Insei (Octopode Transmuter)                Turns: 2384, Time: 00:01:33

Health: 0/29       AC:  2    Str:  9    XL:     4   Next: 39%
Magic:  0/7        EV: 19    Int: 17    God:
Gold:   213        SH:  0    Dex: 17    Spells: 1/7 levels left

rFire   . . .      SeeInvis .     - Unarmed
rCold   . . .      Faith    .   (shield currently unavailable)
rNeg    . . .      Spirit   +   (helmet currently unavailable)
rPois   x          Reflect  .   h - amulet of guardian spirit
rElec   .          Harm     .   c - +4 ring of slaying
rCorr   .          Rampage  .   (no ring)
Will    .....                   (no ring)
Stlth   ++........              (no ring)
HPRegen 0.09/turn               (no ring)
MPRegen 0.10/turn               (no ring)
                                (no ring)
                                (no ring)

@: spider-form, wereblooded
A: venomous fangs, almost no armour, (amphibious), 8 rings, tiny, (camouflage
1), (gelatinous body 1), (nimble swimmer 1), (tentacles)
a: End Transformation


You were on level 4 of the Dungeon.
You were a venomous arachnid creature.
You visited 1 branch of the dungeon, and saw 4 of its levels.

You collected 213 gold pieces.

Inventory:

Jewellery
 c - a +4 ring of slaying (left front leg)
 h - an amulet of guardian spirit (around neck)
 o - a ring of poison resistance
Scrolls
 b - a scroll of magic mapping {unknown}
 d - a scroll of teleportation {unknown}
 e - a scroll of fear {unknown}
 f - a scroll of fog {unknown}
 j - 2 scrolls of noise {unknown}
 k - 2 scrolls of identify {unknown}
 m - 2 scrolls of amnesia {unknown}
 n - a scroll of blinking {unknown}
 p - a scroll of enchant weapon {unknown}
 q - a scroll of poison {unknown}
 r - a scroll of immolation {unknown}
 s - a scroll of enchant armour {unknown}
 t - a scroll of vulnerability {unknown}
Potions
 a - a potion of lignification {!d}
 g - 3 potions of haste {unknown}
 i - 2 potions of brilliance {unknown}
 l - a potion of mutation {unknown}
 u - a potion of degeneration {unknown}
 v - a potion of curing {unknown}


   Skills:
 + Level 2.0 Fighting
 + Level 2.5 Dodging
 - Level 2.0 Stealth
 + Level 3.5 Unarmed Combat
 - Level 2.0 Spellcasting
 - Level 2.0 Transmutations
 - Level 2.0 Poison Magic


You had one spell level left.
You knew the following spells:

 Your Spells              Type           Power      Damage    Failure   Level
a - Beastly Appendage     Tmut           16%        N/A       22%         1
b - Wereblood             Tmut           8%         N/A       30%         2
c - Spider Form           Tmut/Pois      8%         N/A       47%         3

Your spell library contained the following spells:

 Spells                   Type           Power      Damage    Failure   Level
 Ice Form                 Ice/Tmut       5%         N/A       90%         4


Dungeon Overview and Level Annotations

Branches:
Dungeon (4/15) Zot: 21619
 Temple: D:4-7

Altars:


Innate Abilities, Weirdness & Mutations

You are a venomous arachnid creature.
You have poisonous fangs.
You are tiny and dextrous.
Your spellcasting is less reliable in this form.
Your armour is entirely melded.
You are incapable of wielding weapons or throwing items.
You cannot wear most types of armour.
((You are amphibious.))
You can wear up to eight rings at the same time.
((Your skin changes colour to match your surroundings (Stealth+).))
((Your rubbery body absorbs attacks. (AC +1, EV +1)))
((You are camouflaged when in or above water. (Stealth+)))
((You have tentacles for arms and can constrict up to eight enemies at once.))


Message History

The gnoll is moderately wounded.
The gnoll misses you. The gnoll hits you with a +0 whip.
The gnoll closely misses you.
You hit the gnoll.
The gnoll is poisoned.
The gnoll is severely wounded.
The gnoll closely misses you. The gnoll barely misses you.
You barely miss the gnoll.
The gnoll is severely wounded.
The gnoll hits you with a +0 spear.
The gnoll hits you from afar with a +0 spear!
The gnoll completely misses you.
You hit the gnoll.
You feel a bit better.
You kill the gnoll!
The gnoll hits you with a +0 spear. The gnoll closely misses you.
The gnoll hits you with a +0 whip.
Your Fighting skill increases to level 2!
You are too injured to fight recklessly!
You are too injured to fight recklessly!
You are too injured to fight recklessly!
You are too injured to fight recklessly!
You are too injured to fight recklessly!
You are too injured to fight recklessly!
You are too injured to fight recklessly!
You are too injured to fight recklessly!
You are too injured to fight recklessly!
You are too injured to fight recklessly!
You are too injured to fight recklessly!
You are too injured to fight recklessly!
You are too injured to fight recklessly!
You are too injured to fight recklessly!
You are too injured to fight recklessly!
You are too injured to fight recklessly!
You are too injured to fight recklessly!
You are too injured to fight recklessly!
You are too injured to fight recklessly!
You barely miss the gnoll. The gnoll hits you with a +0 spear.
* * * LOW HITPOINT WARNING * * *
The gnoll misses you.
The gnoll hits you from afar with a +0 spear!
You die...

... ..##. .. ## . #.... #
#. .###.. #....
#.#)##......
##....#####.#...........
....................>...
......:g..#.#...........
#.(g...#.#..#####....
#..gs).#.#..........#
#......#.#..#.......#
#####..#.#..#.†######
######......#........
#....................
#######.#####..#..#######.#
...........†...............
#######.#####.##....#####..
#<..........#..#....#


You could see 3 gnolls.

Vanquished Creatures
  A gnoll (D:4)
  3 adders
  2 dart slugs (D:1)
  5 bats
  4 endoplasms
  4 giant cockroaches
  2 goblins (D:1)
  A hobgoblin (D:2)
  2 jackals (D:2)
  2 ball pythons
  7 frilled lizards
  6 kobolds
  2 rats (D:1)
41 creatures vanquished.

Vanquished Creatures (others)
  A plant (D:2)
1 creature vanquished.

Grand Total: 42 creatures vanquished

Notes
Turn   | Place    | Note
-------+----------+-------------------------------------------
     0 | D:1      | buhh the Octopode Transmuter began the quest for the Orb.
     0 | D:1      | Reached XP level 1. HP: 13/13 MP: 3/3
   396 | D:1      | Reached XP level 2. HP: 14/18 MP: 3/5
  1061 | D:2      | Found the +6 shillelagh "Devastator" {shatter}
  1113 | D:2      | Reached XP level 3. HP: 23/23 MP: 4/6
  1206 | D:2      | Found a faded altar of an unknown god.
  1631 | D:2      | Learned a level 2 spell: Wereblood
  1635 | D:2      | Learned a level 3 spell: Spider Form
  2183 | D:3      | Reached XP level 4. HP: 24/29 MP: 4/7
  2384 | D:4      | Slain by a gnoll

Illustrated notes

Levels and vault maps discovered:
D:1:      onia_arrival_pyramid, layout_basic
D:2:      layout_rooms, shapermc_ecumenical_altar_notcrosses,
          kennysheep_pointless_box, serial_bayou_pond_c
D:3:      layout_basic
D:4:      layout_basic, led_xom_imps, serial_rivers,
          chequers_serial_rivers_large_a, chequers_serial_rivers_micro_c,
          chequers_serial_rivers_small_a, chequers_serial_rivers_micro_d,
          chequers_serial_rivers_small_a, corexii_item_surrounded_by_moat

Skill      XL: |  1  2  3  4 |
---------------+-------------+-----
Stealth        | 1 2 |  2.0
Poison Magic   | 1 2 |  2.0
Fighting       | 2 |  2.0
Dodging        | |  2.5
Unarmed Combat | |  3.5
Spellcasting   | |  2.0
Transmutations | |  2.0

Action                   |  1- 3 |  4- 6 || total
-------------------------+-------+-------++-------
Melee: Unarmed           |    49 |    15 ||    64
       Constrict         |    14 |     2 ||    16
       Kick              |    11 |     1 ||    12
       Tentacles         |     3 |     2 ||     5
       Punch             |     1 |       ||     1
 Cast: Beastly Appendage |    31 |     5 ||    36
       Spider Form       |       |     1 ||     1
       Wereblood         |       |     1 ||     1
 Stab: Sleeping          |    12 |     1 ||    13
Armor: Skin              |     3 |     1 ||     4
Dodge: Dodged            |    21 |    18 ||    39

Table legend: (Time is in decaauts)
 A = Elapsed time spent in this place.
 B = Non-inter-level travel time spent in this place.
 C = Inter-level travel time spent in this place.
 D = Time resting spent in this place.
 E = Time spent auto-exploring this place.
 F = Levels seen in this place.
 G = Mean time per level.
                   A        B        C        D        E       F      G
               +--------+--------+--------+--------+--------+-----+--------+
         Total |   2379 |   2256 |    123 |      0 |   1956 |   4 |  594.8 |
       Dungeon |   2379 |   2256 |    123 |      0 |   1956 |   4 |  594.8 |
               +--------+--------+--------+--------+--------+-----+--------+

Top non-repeatable levels by time:
     D:1: 1059 daAuts
     D:2: 629 daAuts
     D:3: 597 daAuts
     D:4: 93 daAuts
